 Dungeon Crawl Stone Soup version 0.28.0 (webtiles) character file.

Game seed: 10892429439063586129

178 Sanktem7 the Covered (level 5, -2/47 HPs)
             Began as a Minotaur Fighter on Feb 12, 2022.
             Slain by a gnoll (9 damage)
             ... on level 4 of the Dungeon.
             The game lasted 00:03:18 (2394 turns).

Sanktem7 the Covered (Minotaur Fighter)             Turns: 2394, Time: 00:03:18

Health: -2/47      AC:  7    Str: 28    XL:     5   Next: 32%
Magic:  4/4        EV:  9    Int:  5    God:
Gold:   71         SH:  4    Dex: 10    Spells: 4/4 levels left

rFire   . . .      SeeInvis .   a - +0 war axe
rCold   . . .      Faith    .   c - +0 buckler
rNeg    . . .      Spirit   .   b - +0 scale mail
rPois   .          Reflect  .   (helmet restricted)
rElec   .          Harm     .   (no cloak)
rCorr   .          Rampage  .   (no gloves)
Will    .....                   (no boots)
Stlth   ..........              (no amulet)
HPRegen 0.15/turn               j - +6 ring of strength
MPRegen 0.09/turn               (no ring)

@: no status effects
A: horns 2, retaliatory headbutt
a: no special abilities


You were on level 4 of the Dungeon.
You visited 1 branch of the dungeon, and saw 4 of its levels.

You collected 71 gold pieces.

Inventory:

Hand Weapons
 a - a +0 war axe (weapon)
Armour
 b - a +0 scale mail (worn)
 c - a +0 buckler (worn)
Jewellery
 j - a +6 ring of strength (left hand)
 o - a ring of see invisible
Scrolls
 g - 2 scrolls of identify {unknown}
 h - a scroll of blinking {unknown}
 l - a scroll of enchant armour {unknown}
Potions
 d - a potion of might
 e - a potion of mutation {unknown}
 f - a potion of lignification {unknown}
 i - a potion of curing {unknown}
 k - a potion of haste {unknown}
 m - 2 potions of attraction {unknown}
 n - a potion of brilliance {unknown}


   Skills:
 * Level 4.8 Fighting
 * Level 4.4 Axes
 * Level 5.3 Armour
 + Level 0.4 Dodging
 - Level 3.6 Shields


You had 4 spell levels left.
You didn't know any spells.
Your spell library contained the following spells:

 Spells                   Type           Power      Damage    Failure   Level
 Pain                     Necr           0%         1d4       82%         1
 Call Canine Familiar     Summ           0%         N/A       99%         3
 Portal Projectile        Hex/Tloc       0%         N/A       99%         3
 Leda's Liquefaction      Hex/Erth       0%         N/A       100%        4
 Passage of Golubria      Tloc           0%         N/A       100%        4
 Agony                    Necr           0%         N/A       100%        5
 Excruciating Wounds      Necr           0%         N/A       100%        5
 Silence                  Hex/Air        0%         N/A       100%        5
 Lehudib's Crystal Spear  Conj/Erth      0%         10d2      100%        8


Dungeon Overview and Level Annotations

Branches:
Dungeon (4/15)
 Temple: D:4-7

Altars:


Innate Abilities, Weirdness & Mutations

You have a pair of horns on your head.
You reflexively headbutt those who attack you in melee.


Message History

You hear the slow rusting of a drain very nearby.
A gnoll comes into view. It is wielding a +0 club.
The gnoll shouts!
You hear a shout!
A quokka comes into view.
The quokka bites you but does no damage.
A gnoll comes into view. It is wielding a +0 halberd.
The gnoll shouts!
You hear a shout! x2
The quokka bites you but does no damage.
A gnoll comes into view. It is wielding a +0 club.
You hear a shout!
You miss the quokka.
The quokka bites you but does no damage.
You block the quokka's attack. The gnoll hits you with a +0 club.
You closely miss the quokka. Your headbutt misses the quokka.
You closely miss the gnoll. The quokka bites you.
The gnoll hits you with a +0 club. The quokka closely misses you.
The quokka bites you.
You hit the gnoll.
The gnoll is lightly wounded.
The gnoll barely misses you. The gnoll closely misses you.
You furiously retaliate!
You headbutt the gnoll. You hit the gnoll. Your headbutt misses the gnoll.
The gnoll is severely wounded.
The gnoll closely misses you. The gnoll hits you with a +0 club.
You slash the gnoll!
You kill the gnoll!
The gnoll hits you from afar with a +0 halberd! x2
You barely miss the quokka.
The quokka bites you but does no damage.
The gnoll closely misses you. The quokka bites you.
You slash the quokka!
You kill the quokka!
You block the gnoll's attack. The gnoll closely misses you.
You furiously retaliate!
You headbutt the gnoll! You hit the gnoll.
You kill the gnoll!
The gnoll hits you from afar with a +0 halberd!
* * * LOW HITPOINT WARNING * * *
The gnoll hits you from afar with a +0 halberd!
You die...

.#.###..####...####.....#.
##.# #..###....##... #.#
#......#.....#. #.#
#..##.###...### #.#
#..##..#.....#. #.##
#..##....#.#... #..#
#..##......#... ##.##
..##....#..... #.@#
..##..#.....#.
#.###)##..##.###...###
#.....g...##..#.....#.
#####...#.##....#.....
####.......####.##.#
#.......#### #.......#
+.......# #........#


You could see a gnoll.

Vanquished Creatures
  Crazy Yiuf (D:3)
  Terence (D:2)
  2 gnolls (D:4)
  3 adders
  2 worms
  3 dart slugs
  5 orcs (D:3)
  8 endoplasms
  A giant cockroach (D:3)
  7 goblins
  8 hobgoblins
  5 jackals
  A kobold (D:3)
  A quokka (D:4)
  9 ball pythons
  9 bats
  3 rats
69 creatures vanquished.

Vanquished Creatures (others)
  A ball python (D:2)
1 creature vanquished.

Grand Total: 70 creatures vanquished

Notes
Turn   | Place    | Note
-------+----------+-------------------------------------------
     0 | D:1      | Sanktem7 the Minotaur Fighter began the quest for the Orb.
     0 | D:1      | Reached XP level 1. HP: 19/19 MP: 0/0
   330 | D:1      | Reached skill level 4 in Armour
   330 | D:1      | Reached XP level 2. HP: 26/27 MP: 1/1
   747 | D:2      | Reached XP level 3. HP: 33/33 MP: 2/2
   828 | D:2      | Noticed Terence
   835 | D:2      | Killed Terence
   847 | D:2      | Reached XP level 4. HP: 25/41 MP: 3/3
  1101 | D:2      | Found a faded altar of an unknown god.
  1618 | D:3      | Reached skill level 5 in Armour
  1664 | D:3      | Found a runed translucent door.
  1665 | D:3      | Noticed Crazy Yiuf
  2099 | D:3      | Killed Crazy Yiuf
  2100 | D:3      | Reached XP level 5. HP: 21/47 MP: 4/4
  2394 | D:4      | Slain by a gnoll

Illustrated notes

Levels and vault maps discovered:
D:1:      scummos_arrival_forest, layout_loops_ring
D:2:      layout_basic, ebering_ecumenical_altar_petrified, minmay_bisected,
          uniq_terence
D:3:      layout_rooms, uniq_crazy_yiuf_cottage
D:4:      layout_basic, minmay_temple_entry_gardened_gates,
          gup_sewer_entry_spiral, minmay_strange_pillars

Skill      XL: |  1  2  3  4 |
---------------+-------------+-----
Fighting       | 4 |  4.8
Armour         | 4 5 |  5.3
Axes           | 3 4 |  4.4
Dodging        | |  0.4
Shields        | |  3.6

Action                   |  1- 3 |  4- 6 || total
-------------------------+-------+-------++-------
Melee: War axe           |    41 |    90 ||   131
       Headbutt          |    10 |    13 ||    23
Armor: Scale mail        |    22 |    50 ||    72
Dodge: Dodged            |    17 |    55 ||    72
Block: Buckler           |    13 |    20 ||    33
